Workbook

Sheet Non imprimable
A1: Numéro Comptes | B1: Intitulé | C1: Catégorie
A2: 10130000 | B2: CAP. SOUSCRIT APPELÉ, VERSÉ | C2: Capital
A3: 10611000 | B3: RÉSERVE LÉGALE PROPREMENT DITE | C3: Capital
A4: 11000000 | B4: REPORT À NOUVEAU(SOLDE CRÉDIT) | C4: Capital
A5: 12000000 | B5: RÉSULTAT EXERCICE (BÉNÉFICE) | C5: Capital
A6: 20500000 | B6: CONCESSIONS ET DROIT SIMILAIRE | C6: Immos
A7: 20600000 | B7: DROIT AU BAIL | C7: Immos
A8: 21350000 | B8: INSTALLATION GÉNÉRALE AGENCEMT | C8: Immos
A9: 21550000 | B9: OUTILLAGE INDUSTRIEL | C9: Immos
A10: 21810000 | B10: INSTALL GÉNÉRALES, AGENCEMENTS | C10: Immos
A11: 21830000 | B11: MATÉRIEL BUREAU , INFORMATIQUE | C11: Immos
A12: 21840000 | B12: MOBILIER | C12: Immos
A13: 27500000 | B13: DÉPÔT ET CAUTIONNEMENT VERSÉS | C13: Immos
... A106: 76410000 | B106: INTERETS DAT | C106: Produits

Sheet 1 Capital
A1: 42004 | E1: Fait par : | F1: NFO | G1: Capital
A3: NOM DU DOSSIER
A5: Justification des comptes de la classe 1
A8: N° Cpte | B8: Intitulés | C8: =+[1]PageGarde!H2 -> 42004 | D8: =+[1]PageGarde!H3 -> 41639 | E8: Var | F8: Réf. | H8: Dois trouver pour les cases en jaune : | L8: Si lacondition est "Immos", devra trouvé :
A10: =SMALL(IF(('Non imprimable'!$C$2:$C$106=$G$1)*('Non imprimable'!$A$2:$A$106<>""),'Non imprimable'!$A$2:$A$106),ROW()-9) -> 0 | F10: - | H10: =+'Non imprimable'!A2 -> 10130000 | L10: =+'Non imprimable'!A6 -> 20500000
A11: =SMALL(IF(('Non imprimable'!$C$2:$C$106=$G$1)*('Non imprimable'!$A$2:$A$106<>""),'Non imprimable'!$A$2:$A$106),ROW()-9) -> #NUM! | F11: - | H11: =+'Non imprimable'!A3 -> 10611000 | L11: =+'Non imprimable'!A7 -> 20600000
A12: =SMALL(IF(('Non imprimable'!$C$2:$C$106=$G$1)*('Non imprimable'!$A$2:$A$106<>""),'Non imprimable'!$A$2:$A$106),ROW()-9) -> #NUM! | F12: - | H12: =+'Non imprimable'!A4 -> 11000000 | L12: =+'Non imprimable'!A8 -> 21350000
A13: =SMALL(IF(('Non imprimable'!$C$2:$C$106=$G$1)*('Non imprimable'!$A$2:$A$106<>""),'Non imprimable'!$A$2:$A$106),ROW()-9) -> #NUM! | F13: - | H13: =+'Non imprimable'!A5 -> 12000000 | L13: =+'Non imprimable'!A9 -> 21550000
L14: =+'Non imprimable'!A10 -> 21810000
B15: Total | C15: =+SUM(C9:C14) -> 0 | D15: =+SUM(D9:D14) -> 0 | E15: =+SUM(E9:E14) -> 0 | L15: =+'Non imprimable'!A11 -> 21830000
L16: =+'Non imprimable'!A12 -> 21840000
L17: =+'Non imprimable'!A13 -> 27500000
L18: =+'Non imprimable'!A14 -> 28050000
L19: =+'Non imprimable'!A15 -> 28135000
L20: =+'Non imprimable'!A16 -> 28155000
L21: =+'Non imprimable'!A17 -> 28181000
L22: =+'Non imprimable'!A18 -> 28183000
L23: =+'Non imprimable'!A19 -> 28184000
L24: 68112000
